TOP OF THE 1ST |
Belvedere Park Rawhides batting - Pitching for Marquette Miners : RHP Carson Vancuren
|
Pitching: RHP Carson Vancuren
|
|
Batting: RHB Kevin Johnson
|
0-0: Ground out 5-3 (Groundball, 56)
|
Batting: RHB Ed Jozwiak
|
0-0: Ball 1-0: Ground out 4-3 (Groundball, 34D)
|
Batting: RHB Emmanuele Lucchetti
|
0-0: Called Strike 0-1: Ball 1-1: SINGLE (Groundball, 5D)
|
Batting: SHB Nobuhisa Hatoyama
|
0-0: Swinging Strike 0-1: Ball 1-1: TRIPLE (Line Drive, 9LD) Emmanuele Lucchetti scores
|
Batting: RHB Ken Burton
|
0-0: Foul Ball, location: 2F 0-1: Foul Ball, location: 2F 0-2: Foul Ball, location: 2F 0-2: SINGLE (Line Drive, 89S) Nobuhisa Hatoyama scores
|
Batting: RHB David Martínez
|
0-0: Ball Ken Burton is caught stealing 2nd base
|
Top of the 1st over - 2 runs, 3 hits, 0 errors, 0 left on base; Belvedere Park 2 - Marquette 0 |
BOTTOM OF THE 1ST |
Marquette Miners batting - Pitching for Belvedere Park Rawhides : LHP Gary Barber
|
Pitching: LHP Gary Barber
|
|
Batting: RHB Manuel Rosales
|
0-0: Foul Ball, location: 2F 0-1: Ball 1-1: Swinging Strike 1-2: Ball 2-2: Ball 3-2: Base on Balls
|
Batting: RHB Sameen Shaw
|
0-0: SINGLE (Groundball, 6MD) Manuel Rosales to second Runner from 2nd tries for 3rd, SAFE, no throw
|
Batting: RHB Juan Tellado
|
0-0: Called Strike 0-1: DOUBLE (Line Drive, 3D) Manuel Rosales scores Sameen Shaw to third Runner from 3rd tries for Home, SAFE, throw made at trailing runner, OUT at third!
|
Batting: RHB Edgar Balerio
|
0-0: Called Strike 0-1: Swinging Strike 0-2: Strikes out swinging
|
Batting: LHB Dong-hwan Yun
|
0-0: Foul Ball, location: 2F 0-1: Fly out, F7 (Flyball, 78M)
|
Bottom of the 1st over - 2 runs, 2 hits, 0 errors, 0 left on base; Belvedere Park 2 - Marquette 2 |
TOP OF THE 2ND |
Belvedere Park Rawhides batting - Pitching for Marquette Miners : RHP Carson Vancuren
|
Batting: RHB David Martínez
|
0-0: Fly out, F8 (Flyball, 8RM)
|
Batting: RHB Jorge Alcantar
|
0-0: Fly out, F1 (Line Drive, 13)
|
Batting: SHB Ángel Costa
|
0-0: Ball 1-0: Ground out 4-3 (Groundball, 4)
|
Top of the 2nd over - 0 runs, 0 hits, 0 errors, 0 left on base; Belvedere Park 2 - Marquette 2 |
BOTTOM OF THE 2ND |
Marquette Miners batting - Pitching for Belvedere Park Rawhides : LHP Gary Barber
|
Batting: RHB Mark Keys
|
0-0: Called Strike 0-1: Ball 1-1: Ball 2-1: Foul Ball, location: 2F 2-2: Foul Ball, location: 2F 2-2: Ground out 5-3 (Groundball, 5)
|
Batting: LHB Shelby Noonan
|
0-0: Ball 1-0: Called Strike 1-1: Ball 2-1: Foul Ball, location: 2F 2-2: Ball 3-2: Strikes out swinging
|
Batting: RHB Ryan French
|
0-0: Ball 1-0: Called Strike 1-1: Foul Ball, location: 2F 1-2: Ground out 1-3 (Groundball, 13)
|
Bottom of the 2nd over - 0 runs, 0 hits, 0 errors, 0 left on base; Belvedere Park 2 - Marquette 2 |
TOP OF THE 3RD |
Belvedere Park Rawhides batting - Pitching for Marquette Miners : RHP Carson Vancuren
|
Batting: RHB Carlos Amaya
|
0-0: Foul Ball, location: 2F 0-1: Ball 1-1: Foul Ball, location: 2F 1-2: Ground out 6-3 (Groundball, 6)
|
Batting: RHB Kevin Johnson
|
0-0: Ball 1-0: Swinging Strike 1-1: Ball 2-1: Ball 3-1: Swinging Strike 3-2: Base on Balls
|
Batting: RHB Ed Jozwiak
|
0-0: DOUBLE (Line Drive, 7LM) Kevin Johnson to third Runner from 3rd tries for Home, SAFE, no throw
|
Batting: RHB Emmanuele Lucchetti
|
0-0: Called Strike Ed Jozwiak steals 3rd base 0-1: Ball 1-1: Ground out 6-3 (Groundball, 6) Ed Jozwiak scores
|
Batting: SHB Nobuhisa Hatoyama
|
0-0: Called Strike 0-1: Fly out, F7 (Flyball, 7S)
|
Top of the 3rd over - 2 runs, 1 hit, 0 errors, 0 left on base; Belvedere Park 4 - Marquette 2 |
BOTTOM OF THE 3RD |
Marquette Miners batting - Pitching for Belvedere Park Rawhides : LHP Gary Barber
|
Batting: LHB Francisco Alfaro
|
0-0: Ball 1-0: Ball 2-0: Called Strike 2-1: Fly out, F9 (Flyball, 9)
|
Batting: RHB Manuel Rosales
|
0-0: Ball 1-0: Called Strike 1-1: Foul Ball, location: 2F 1-2: Ball 2-2: Ball 3-2: Foul Ball, location: 2F 3-2: Foul Ball, location: 2F 3-2: SINGLE (Groundball, 34D)
|
Batting: RHB Sameen Shaw
|
0-0: Ball 1-0: Foul Ball, location: 2F 1-1: Fly out, F7 (Line Drive, 7)
|
Batting: RHB Juan Tellado
|
0-0: SINGLE (Groundball, 6D) Manuel Rosales to second
|
Batting: RHB Edgar Balerio
|
0-0: Swinging Strike 0-1: Foul Ball, location: 2F 0-2: Ball 1-2: Hit by Pitch Manuel Rosales to third Juan Tellado to second
|
Batting: LHB Dong-hwan Yun
|
0-0: Foul Ball, location: 2F 0-1: Called Strike 0-2: Ball 1-2: Ball 2-2: Foul Ball, location: 2F 2-2: Foul Ball, location: 2F 2-2: Strikes out swinging
|
Bottom of the 3rd over - 0 runs, 2 hits, 0 errors, 3 left on base; Belvedere Park 4 - Marquette 2 |
TOP OF THE 4TH |
Belvedere Park Rawhides batting - Pitching for Marquette Miners : RHP Carson Vancuren
|
Batting: RHB Ken Burton
|
0-0: Ball 1-0: Swinging Strike 1-1: Ball 2-1: SINGLE (Groundball, 6MD)
|
Batting: RHB David Martínez
|
0-0: Ball 1-0: Called Strike 1-1: Ball 2-1: SINGLE (Groundball, 56D) Ken Burton to second
|
Batting: RHB Jorge Alcantar
|
0-0: Ball 1-0: Foul Ball, location: 2F 1-1: Fly out, F8 (Flyball, 89S)
|
Batting: SHB Ángel Costa
|
0-0: Swinging Strike 0-1: Ball 1-1: Ball 2-1: Swinging Strike 2-2: SINGLE (Line Drive, 8RS) Ken Burton to third David Martínez to second
|
Batting: RHB Carlos Amaya
|
0-0: Fly out, F8 (Flyball, 8LM) Runner from 3rd tags up, SCORES, throw made
|
Batting: RHB Kevin Johnson
|
0-0: Ball 1-0: Ball 2-0: Called Strike 2-1: Foul Ball, location: 2F 2-2: Foul Ball, location: 2F 2-2: Strikes out looking
|
Top of the 4th over - 1 run, 3 hits, 0 errors, 2 left on base; Belvedere Park 5 - Marquette 2 |
BOTTOM OF THE 4TH |
Marquette Miners batting - Pitching for Belvedere Park Rawhides : LHP Gary Barber
|
Batting: RHB Mark Keys
|
0-0: Swinging Strike 0-1: Fly out, F6 (Popup, 6MD)
|
Batting: LHB Shelby Noonan
|
0-0: Called Strike 0-1: Foul Ball, location: 2F 0-2: Ball 1-2: Ball 2-2: Fly out, F7 (Flyball, 7LM)
|
Batting: RHB Ryan French
|
0-0: Called Strike 0-1: Ground out 4-3 (Groundball, 34)
|
Bottom of the 4th over - 0 runs, 0 hits, 0 errors, 0 left on base; Belvedere Park 5 - Marquette 2 |
TOP OF THE 5TH |
Belvedere Park Rawhides batting - Pitching for Marquette Miners : RHP Carson Vancuren
|
Batting: RHB Ed Jozwiak
|
0-0: Called Strike 0-1: Hit by Pitch
|
Batting: RHB Emmanuele Lucchetti
|
0-0: Called Strike 0-1: Ball 1-1: Ball 2-1: SINGLE (Groundball, 56D) Ed Jozwiak to second
|
Batting: SHB Nobuhisa Hatoyama
|
0-0: Swinging Strike 0-1: Swinging Strike 0-2: Strikes out swinging
|
Batting: RHB Ken Burton
|
0-0: Ball Ed Jozwiak steals 3rd base Emmanuele Lucchetti to second 1-0: Foul Ball, location: 2F 1-1: Ball 2-1: Called Strike 2-2: Ground out 6-3 (Groundball, 6) Ed Jozwiak scores Emmanuele Lucchetti to third
|
Batting: RHB David Martínez
|
0-0: Called Strike 0-1: Foul Ball, location: 2F 0-2: Ball 1-2: Strikes out swinging
|
Top of the 5th over - 1 run, 1 hit, 0 errors, 1 left on base; Belvedere Park 6 - Marquette 2 |
BOTTOM OF THE 5TH |
Marquette Miners batting - Pitching for Belvedere Park Rawhides : LHP Gary Barber
|
Batting: LHB Francisco Alfaro
|
0-0: Called Strike 0-1: Foul Ball, location: 2F 0-2: Strikes out swinging
|
Batting: RHB Manuel Rosales
|
0-0: Called Strike 0-1: Ball 1-1: Called Strike 1-2: Foul Ball, location: 2F 1-2: Foul Ball, location: 2F 1-2: Ball 2-2: Foul Ball, location: 2F 2-2: Fly out, F8 (Flyball, 8RS)
|
Batting: RHB Sameen Shaw
|
0-0: Foul Ball, location: 2F 0-1: Fly out, F9 (Flyball, 9LS)
|
Bottom of the 5th over - 0 runs, 0 hits, 0 errors, 0 left on base; Belvedere Park 6 - Marquette 2 |
TOP OF THE 6TH |
Belvedere Park Rawhides batting - Pitching for Marquette Miners : RHP Carson Vancuren
|
Batting: RHB Jorge Alcantar
|
0-0: Ball 1-0: SINGLE (Groundball, 56) (infield hit)
|
Batting: SHB Ángel Costa
|
0-0: Sac Bunt - play at first, batter OUT! 2-3 Jorge Alcantar to second
|
Batting: RHB Carlos Amaya
|
0-0: Swinging Strike 0-1: Ball 1-1: Ball 2-1: DOUBLE (Line Drive, 9D) Jorge Alcantar scores
|
Pitching: RHP Felipe Pereira
|
|
Batting: RHB Kevin Johnson
|
0-0: Ground out 5-3 (Groundball, 56S) Carlos Amaya to third
|
Batting: RHB Ed Jozwiak
|
0-0: Called Strike 0-1: Swinging Strike 0-2: Foul Ball, location: 2F 0-2: DOUBLE (Line Drive, 9LS) Carlos Amaya scores
|
Batting: RHB Emmanuele Lucchetti
|
0-0: Called Strike 0-1: Foul Ball, location: 2F 0-2: Ball 1-2: Fly out, F8 (Line Drive, 8RD)
|
Top of the 6th over - 2 runs, 3 hits, 0 errors, 1 left on base; Belvedere Park 8 - Marquette 2 |
BOTTOM OF THE 6TH |
Marquette Miners batting - Pitching for Belvedere Park Rawhides : LHP Gary Barber
|
Batting: RHB Juan Tellado
|
0-0: Ball 1-0: Foul Ball, location: 2F 1-1: SINGLE (Line Drive, 78M)
|
Batting: RHB Edgar Balerio
|
0-0: Ball 1-0: Foul Ball, location: 2F 1-1: Ball 2-1: Foul Ball, location: 2F 2-2: Ball 3-2: Strikes out swinging
|
Batting: LHB Dong-hwan Yun
|
0-0: Called Strike Juan Tellado steals 2nd base 0-1: Ball 1-1: Foul Ball, location: 2F 1-2: Ball 2-2: Ball 3-2: Foul Ball, location: 2F 3-2: Base on Balls
|
Pitching: LHP Claudio Avelardo
|
|
Batting: RHB Mark Keys
|
0-0: Called Strike 0-1: Called Strike Juan Tellado steals 3rd base Dong-hwan Yun to second 0-2: Fly out, F7 (Line Drive, 78M) Runner from 3rd tags up, SCORES, no throw
|
Batting: LHB Shelby Noonan
|
0-0: Ball 1-0: Ball 2-0: Fly out, F8 (Flyball, 8RXD)
|
Bottom of the 6th over - 1 run, 1 hit, 0 errors, 1 left on base; Belvedere Park 8 - Marquette 3 |
TOP OF THE 7TH |
Belvedere Park Rawhides batting - Pitching for Marquette Miners : RHP Felipe Pereira
|
Batting: SHB Nobuhisa Hatoyama
|
0-0: Called Strike 0-1: SOLO HOME RUN (Line Drive, 9LD), Distance : 364 ft
|
Batting: RHB Ken Burton
|
0-0: SINGLE (Groundball, 34D)
|
Batting: RHB David Martínez
|
0-0: Ball 1-0: Called Strike 1-1: Foul Ball, location: 2F 1-2: Ball 2-2: DOUBLE (Flyball, 78D) Ken Burton to third Runner from 3rd tries for Home, throw and OUT!
|
Batting: RHB Jorge Alcantar
|
0-0: Ball 1-0: Ball 2-0: Called Strike 2-1: Ball 3-1: Foul Ball, location: 2F 3-2: Base on Balls
|
Batting: SHB Ángel Costa
|
0-0: SINGLE (Line Drive, 4MD) David Martínez to third Jorge Alcantar to second
|
Batting: RHB Carlos Amaya
|
0-0: Foul Ball, location: 2F 0-1: Ball 1-1: Swinging Strike 1-2: Strikes out swinging
|
Batting: RHB Kevin Johnson
|
0-0: Ball 1-0: Swinging Strike 1-1: Called Strike 1-2: Strikes out looking
|
Top of the 7th over - 1 run, 4 hits, 0 errors, 3 left on base; Belvedere Park 9 - Marquette 3 |
BOTTOM OF THE 7TH |
Marquette Miners batting - Pitching for Belvedere Park Rawhides : LHP Claudio Avelardo
|
Batting: RHB Ryan French
|
0-0: Ground out 5-3 (Groundball, 25)
|
Batting: LHB Francisco Alfaro
|
0-0: Ball 1-0: Fly out, F9 (Flyball, 89S)
|
Batting: RHB Manuel Rosales
|
0-0: Foul Ball, location: 2F 0-1: Ball 1-1: Foul Ball, location: 2F 1-2: Foul Ball, location: 2F 1-2: SINGLE (Line Drive, 34D)
|
Batting: RHB Sameen Shaw
|
0-0: Fly out, F6 (Popup, 15)
|
Bottom of the 7th over - 0 runs, 1 hit, 0 errors, 1 left on base; Belvedere Park 9 - Marquette 3 |
TOP OF THE 8TH |
Belvedere Park Rawhides batting - Pitching for Marquette Miners : RHP Felipe Pereira
|
Batting: RHB Ed Jozwiak
|
0-0: Ball 1-0: Ball 2-0: Ground out 5-3 (Groundball, 5)
|
Batting: RHB Emmanuele Lucchetti
|
0-0: Foul Ball, location: 2F 0-1: Ball 1-1: Ball 2-1: Fly out, F7 (Flyball, 78M)
|
Batting: SHB Nobuhisa Hatoyama
|
0-0: Ball 1-0: Ball 2-0: Foul Ball, location: 2F 2-1: Foul Ball, location: 2F 2-2: Foul Ball, location: 2F 2-2: Foul Ball, location: 2F 2-2: SINGLE (Groundball, 56S) (infield hit)
|
Batting: RHB Ken Burton
|
0-0: Fly out, F7 (Flyball, 7)
|
Top of the 8th over - 0 runs, 1 hit, 0 errors, 1 left on base; Belvedere Park 9 - Marquette 3 |
BOTTOM OF THE 8TH |
Marquette Miners batting - Pitching for Belvedere Park Rawhides : LHP Claudio Avelardo
|
Now at 3B: Jody Bennett
|
|
Batting: RHB Juan Tellado
|
0-0: Ball 1-0: Swinging Strike 1-1: SINGLE (Line Drive, 56D)
|
Batting: RHB Edgar Balerio
|
0-0: Swinging Strike 0-1: Ball 1-1: Fly out, F7 (Flyball, 7LMF)
|
Batting: LHB Dong-hwan Yun
|
0-0: Called Strike 0-1: Swinging Strike 0-2: Fly out, F7 (Flyball, 78S)
|
Batting: RHB Mark Keys
|
0-0: Foul Ball, location: 2F 0-1: Called Strike 0-2: Foul Ball, location: 2F 0-2: Ball 1-2: Ball 2-2: Fielders Choice at 2nd, 6-4 (Groundball, 6)
|
Bottom of the 8th over - 0 runs, 1 hit, 0 errors, 1 left on base; Belvedere Park 9 - Marquette 3 |
TOP OF THE 9TH |
Belvedere Park Rawhides batting - Pitching for Marquette Miners : RHP Felipe Pereira
|
Batting: RHB David Martínez
|
0-0: Fly out, F4 (Popup, 34)
|
Batting: RHB Jorge Alcantar
|
0-0: Called Strike 0-1: DOUBLE (Line Drive, 7LS)
|
Batting: SHB Ángel Costa
|
0-0: Ball Wild Pitch! Jorge Alcantar to third 1-0: Fly out, F9 (Flyball, 89M) Runner from 3rd tags up, SCORES, no throw
|
Batting: RHB Carlos Amaya
|
0-0: Ball 1-0: Swinging Strike 1-1: Foul Ball, location: 2F 1-2: Strikes out swinging
|
Top of the 9th over - 1 run, 1 hit, 0 errors, 0 left on base; Belvedere Park 10 - Marquette 3 |
BOTTOM OF THE 9TH |
Marquette Miners batting - Pitching for Belvedere Park Rawhides : LHP Claudio Avelardo
|
Now at C: José Ortíz
|
|
Batting: LHB Shelby Noonan
|
0-0: Foul Ball, location: 2F 0-1: Ball 1-1: SINGLE (Flyball, 78M)
|
Batting: RHB Ryan French
|
0-0: Ball 1-0: Ball 2-0: Called Strike 2-1: Ball 3-1: Base on Balls Shelby Noonan to second
|
Batting: LHB Francisco Alfaro
|
0-0: Ball 1-0: Ball 2-0: Called Strike 2-1: Ball 3-1: Foul Ball, location: 2F 3-2: Base on Balls Shelby Noonan to third Ryan French to second
|
Batting: RHB Manuel Rosales
|
0-0: Ball 1-0: Called Strike 1-1: Swinging Strike 1-2: Strikes out looking
|
Batting: RHB Sameen Shaw
|
0-0: Called Strike 0-1: Ball 1-1: Ground out 4-3 (Groundball, 4S) Shelby Noonan scores Ryan French to third Francisco Alfaro to second
|
Batting: RHB Juan Tellado
|
0-0: Ball 1-0: Ball 2-0: Called Strike 2-1: Foul Ball, location: 2F 2-2: Strikes out swinging
|
Bottom of the 9th over - 1 run, 1 hit, 0 errors, 2 left on base; Belvedere Park 10 - Marquette 4 |
|